 Dungeon Crawl Stone Soup version 0.21.1-1-g345015f (webtiles) character file.

384 inc the Insei (level 6, 0/47 HPs)
             Began as a Demonspawn Monk on June 9, 2018.
             Was a Believer of Makhleb.
             Slain by Pikel
             ... wielding a +0 whip of flaming
              (1 damage)
             ... on level 4 of the Dungeon.
             The game lasted 00:06:55 (3000 turns).

inc the Insei (Demonspawn Monk)                     Turns: 3000, Time: 00:06:56

Health: 0/47       AC:  6    Str: 12    XL:     6   Next: 47%
Magic:  6/6        EV: 10    Int: 13    God:    Makhleb [**....]
Gold:   183        SH:  0    Dex: 18    Spells: 5/5 levels left

rFire    . . .     SeeInvis .     - Unarmed
rCold    . . .     Gourm    .   (no shield)
rNeg     . . .     Faith    .   t - +0 scale mail
rPois    .         Spirit   .   (no helmet)
rElec    .         Reflect  .   (no cloak)
rCorr    .         Harm     .   (no gloves)
MR       .....                  (no boots)
Stlth    +.........             (no amulet)
HPRegen  0.15/turn              s - +3 ring of dexterity
MPRegen  0.10/turn              (no ring)

@: no status effects
A: claws 2, talons 1, powered by death 1
a: Minor Destruction, Renounce Religion


You were on level 4 of the Dungeon.
You worshipped Makhleb.
Makhleb was pleased with you.
You were very hungry.

You visited 2 branches of the dungeon, and saw 5 of its levels.

You collected 183 gold pieces.

Inventory:

Hand Weapons
 a - a +0 mace
Armour
 b - a +0 robe
 l - a -2 scale mail
 t - a +0 scale mail (worn)
Jewellery
 s - a +3 ring of dexterity (left claw)
Wands
 r - a wand of random effects (24)
Scrolls
 d - 2 scrolls of remove curse
 e - 2 scrolls of teleportation
 h - 2 scrolls of amnesia
 j - a scroll of magic mapping
 m - a scroll of immolation {unknown}
 p - a scroll of enchant armour {unknown}
 q - a scroll of blinking {unknown}
 u - a scroll of identify {unknown}
Potions
 f - 3 potions of curing {unknown}
 g - 3 potions of haste {unknown}
 i - 3 potions of degeneration {unknown}
 k - 2 potions of magic {unknown}
 n - 2 potions of heal wounds {unknown}
 o - 2 potions of agility {unknown}
Comestibles
 c - 6 rations


   Skills:
 - Level 3.0 Fighting
 - Level 3.8 Maces & Flails
 - Level 2.6 Dodging
 - Level 1.7 Stealth
 + Level 5.3 Unarmed Combat


You had 5 spell levels left.
You didn't know any spells.

Dungeon Overview and Level Annotations

Branches:
Dungeon (4/15)             Temple (1/1) D:4

Altars:
Ashenzari
Cheibriados
Dithmenos
Fedhas
Hepliaklqana
Kikubaaqudgha
Makhleb
Nemelex Xobeh
Ru
Sif Muna
Trog
Vehumet
Xom
Yredelemnul
Zin
The Shining One

Annotations:
D:4 Pikel


Innate Abilities, Weirdness & Mutations

You have very sharp fingernails.
You have sharp toenails.
You regenerate a little health from kills.


Message History

* * * LOW HITPOINT WARNING * * *
Pikel hits you but does no damage.
You scratch Pikel but do no damage. Your kick misses Pikel.
Pikel is almost dead.
The slave hits you.
* * * LOW HITPOINT WARNING * * *
Pikel hits you but does no damage.
You scratch Pikel.
Pikel is almost dead.
The slave hits you but does no damage. Pikel barely misses you.
You closely miss Pikel. You claw Pikel, but do no damage.
Pikel is almost dead.
The slave hits you.
* * * LOW HITPOINT WARNING * * *
Press: ? - help, Shift-Dir - straight line, f - Pikel
Aim: Pikel, wielding a whip of flaming and wearing a robe (almost dead) Pikel writhes in agony!
Pikel hits you with a whip of flaming.
* * * LOW HITPOINT WARNING * * *
Pikel burns you.
You die...

#........#######.###.#
#........# #...†..#
#........# #..#####
.........### #......#
.#####.....# #.####.#
###.######.#
#......#.#
######.#p####.# +####
#.#(@Kpp.# ....#######
#.########
..#.#.....###.#
..#.#.........#
..........#####
..........#
..........#
..<.......#
##...#....#


You could see Pikel and 3 slaves.

Vanquished Creatures
  An ice beast (D:3)
  A scorpion (D:4)
  An orc priest (D:4)
  2 orc wizards
  Ijyb (D:3)
  A worker ant (D:3)
  2 adders
  An ooze (D:2)
  A worm (D:3)
  An adder skeleton (D:4)
  4 dart slugs
  3 leopard geckos
  8 orcs
  6 bats
  3 giant cockroaches
  4 goblins
  4 hobgoblins
  3 jackals (D:3)
  5 quokkas
  2 ball pythons
  2 frilled lizards
  8 kobolds
  8 rats
72 creatures vanquished.

Notes
Turn   | Place    | Note
-------+----------+-------------------------------------------
     0 | D:1      | inc the Demonspawn Monk began the quest for the Orb.
     0 | D:1      | Reached XP level 1. HP: 18/18 MP: 1/1
   378 | D:1      | Gained mutation: You regenerate a little health from kills. [demonic ancestry]
   378 | D:1      | Reached XP level 2. HP: 16/24 MP: 2/2
   920 | D:2      | Gained mutation: You have sharp fingernails. [demonic ancestry]
   920 | D:2      | Reached XP level 3. HP: 26/29 MP: 3/3
  1387 | D:2      | Reached skill level 1 in Unarmed Combat
  1725 | D:3      | Reached XP level 4. HP: 33/35 MP: 4/4
  1729 | D:3      | Reached skill level 2 in Unarmed Combat
  1774 | D:3      | Noticed Ijyb
  1790 | D:3      | Killed Ijyb
  1790 | D:3      | Reached skill level 3 in Unarmed Combat
  1837 | D:3      | Noticed an ice beast
  2011 | D:3      | Gained mutation: You have sharp toenails. [demonic ancestry]
  2011 | D:3      | Reached XP level 5. HP: 33/41 MP: 5/5
  2095 | D:3      | Killed an ice beast
  2095 | D:3      | Reached skill level 4 in Unarmed Combat
  2397 | D:3      | Gained mutation: You have very sharp fingernails. [demonic ancestry]
  2397 | D:3      | Reached XP level 6. HP: 47/47 MP: 6/6
  2682 | D:4      | Found a staircase to the Ecumenical Temple.
  2704 | D:4      | Reached skill level 5 in Unarmed Combat
  2716 | Temple   | Entered the Ecumenical Temple
  2883 | Temple   | Became a worshipper of Makhleb the Destroyer
  2883 | Temple   | Reached * piety under Makhleb
  2883 | Temple   | Reached ** piety under Makhleb
  2974 | D:4      | Noticed Pikel
  2974 | D:4      | Noticed a slave
  2975 | D:4      | Noticed a slave
  2982 | D:4      | Noticed a slave
  2992 | D:4      | Noticed a slave
  3000 | D:4      | HP: 1/47 [Pikel/whip of flaming (4)]
  3000 | D:4      | Slain by Pikel

Skill      XL: |  1  2  3  4  5  6 |
---------------+-------------------+-----
Maces & Flails | 3 |  3.8
Unarmed Combat | 1 3 4 5 |  5.3
Fighting       | |  3.0
Dodging        | |  2.6
Stealth        | |  1.7

Action                   |  1- 3 |  4- 6 || total
-------------------------+-------+-------++-------
Melee: Mace              |    83 |       ||    83
       Unarmed           |    84 |   147 ||   231
       Kick              |       |    34 ||    34
       Punch             |       |     3 ||     3
Invok: Minor Destruction |       |     1 ||     1
  Use: Scroll            |       |     4 ||     4
 Stab: Sleeping          |     5 |       ||     5
  Eat: Chunk             |     2 |     4 ||     6
Armor: Robe              |    20 |       ||    20
       Scale mail        |    26 |    59 ||    85
Dodge: Dodged            |   103 |    75 ||   178
